cohdb
Replays
Latest Replays
All Replays
Popular Replays
Top Player Replays
Match Explorer
How It Works
Community
CoH3 Stats
Reddit
Sign in to upload your games and track your stats! →
Sign in with Steam
Match 45914724
Unlisted
Match 45914724
Overview
Messages
Build Orders
End
Pioneer Squad
Construct Infanterie Kompanie
Selects Breakthrough Battlegroup
Selects Assault Grenadiers
Grenadier Squad
MG 42 Machine Gun Team
Grenadier Squad
MG 42 Bunker
Construct Panzergrenadier Kompanie
Panzergrenadier Squad
Infanterie Officer Quarters
Pak 40 Anti-tank Gun Team
Pak 40 Anti-tank Gun Team
Panzergrenadier Officer Quarters
Medical Station
Pak 40 Anti-tank Gun Team
Panzergrenadier Squad
Game-Go
Mael Radec
0
0
Comments
sign in to comment!
No comments posted yet!